 Dungeon Crawl Stone Soup version 0.25-a0-589-g1e14c549ee (webtiles) character file.

Game seed: 7300722363418454972, levelgen mode: deterministic

326 DerDa the Firebug (level 6, -4/41 HPs)
             Began as a Demonspawn Fire Elementalist on Mar 11, 2020.
             Slain by a sky beast (6 damage)
             ... on level 5 of the Dungeon.
             The game lasted 00:10:17 (3567 turns).

DerDa the Firebug (Demonspawn Fire Elementalist)    Turns: 3567, Time: 00:10:18

Health: -4/41      AC:  4    Str:  8    XL:     6   Next: 24%
Magic:  10/11      EV: 10    Int: 18    God:
Gold:   225        SH:  0    Dex: 14    Spells: 2/12 levels left

rFire    . . .     SeeInvis .   g - +2 dagger (venom)
rCold    . . .     Gourm    .   (no shield)
rNeg     . . .     Faith    .   a - +0 robe
rPois    .         Spirit   .   (helmet restricted)
rElec    .         Reflect  .   (no cloak)
rCorr    .         Harm     .   (no gloves)
MR       .....     Rnd*Tele +   (no boots)
Stlth    ++........             (no amulet)
HPRegen  0.13/turn              s - ring of teleportation (curse)
MPRegen  0.12/turn              t - -2 ring of evasion (curse)

@: no status effects
A: horns 2, slimy green scales 1
a: no special abilities


You were on level 5 of the Dungeon.
You were hungry.

You visited 1 branch of the dungeon, and saw 5 of its levels.

You collected 225 gold pieces.

Inventory:

Hand Weapons
 g - a +2 dagger of venom (weapon)
 x - a +0 hand axe of venom
Missiles
 h - 100 stones (quivered)
 q - 18 poisoned darts
Armour
 a - a +0 robe (worn)
 m - a +0 buckler
Jewellery
 p - an uncursed ring of flight
 s - a cursed ring of teleportation (left hand)
 t - a cursed -2 ring of evasion (right hand)
 u - an uncursed ring of magical power {unknown}
Wands
 n - a wand of digging (5)
 r - a wand of acid (19)
Scrolls
 d - 2 scrolls of amnesia
 e - a scroll of magic mapping
 f - a scroll of immolation {unknown}
 j - 2 scrolls of teleportation
 o - 2 scrolls of fear
 v - a scroll of fog {unknown}
 y - 2 scrolls of remove curse {unknown}
Potions
 b - 3 potions of heal wounds {unknown}
 i - 2 potions of flight {unknown}
 l - a potion of curing {unknown}
 w - a potion of berserk rage {unknown}
 z - a potion of haste {unknown}
Comestibles
 c - 12 rations


   Skills:
 - Level 1.7 Dodging
 - Level 1.7 Stealth
 + Level 1.5 Shields
 * Level 3.7 Spellcasting
 * Level 3.4 Conjurations
 * Level 4.1 Fire Magic


You had 2 spell levels left.
You knew the following spells:

 Your Spells              Type           Power        Failure   Level  Hunger
a - Foxfire               Conj/Fire      ###.         3%          1    None
b - Sticky Flame          Conj/Fire      ###.....     32%         4    ####...
c - Fireball              Conj/Fire      ###.......   65%         5    ######.

Your spell library contained the following spells:

 Spells                   Type           Power        Failure   Level  Hunger
 Conjure Flame            Conj/Fire      ###.....     10%         3    ###....
 Inner Flame              Hex/Fire       ##......     19%         3    ###....


Dungeon Overview and Level Annotations

Branches:
Dungeon (5/15)
 Temple: D:4-7

Altars:
Xom


Innate Abilities, Weirdness & Mutations

You have a pair of horns on your head.
You are partially covered in slimy green scales. (AC +2)


Message History

Something hits you.
* * * LOW HITPOINT WARNING * * *
Something shocks you.
* * * LOW HITPOINT WARNING * * *
Found an escape hatch in the floor.
A sky beast appears from thin air!
Reactivating autopickup.
Casting: Foxfire (safe; 3% risk of failure)
Confirm with . or Enter, or press ? or * to list all spells.
You conjure some foxfire!
The foxfire hits the sky beast but does no damage.
The sky beast is moderately wounded.
The foxfire hits the sky beast.
The sky beast is heavily wounded.
The sky beast flickers out of sight!
Deactivating autopickup; reactivate with Ctrl-A.
Something hits you.
* * * LOW HITPOINT WARNING * * *
Something shocks you.
You die...

.# ># .# ### ##.# #
#####.. ...#####
#.#...#.#####.......
#....#..#...#"..#
#......{{....#
###..#...#@..#
#...#.#####...#.##.
### #...ยง..........
########.......
###.### ... ##.


There were no monsters in sight!

Vanquished Creatures
  An orc priest (D:4)
  Terence (D:2)
  2 orc wizards
  2 worker ants (D:4)
  A hound skeleton (D:4)
  Robin (D:2)
  4 adders
  An ooze (D:3)
  3 worms (D:3)
  5 leopard geckos
  5 orcs
  A ball python (D:3)
  3 giant cockroaches
  18 goblins
  8 hobgoblins
  9 jackals
  2 quokkas
  7 bats
  3 frilled lizards
  4 kobolds
  A leopard gecko skeleton (D:4)
  6 rats
88 creatures vanquished.

Vanquished Creatures (others)
  215 foxfires
215 creatures vanquished.

Grand Total: 303 creatures vanquished

Notes
Turn   | Place    | Note
-------+----------+-------------------------------------------
     0 | D:1      | DerDa the Demonspawn Fire Elementalist began the quest for
                  | the Orb.
     0 | D:1      | Reached XP level 1. HP: 13/13 MP: 3/3
   196 | D:1      | Gained mutation: You are partially covered in slimy green
                  | scales. (AC +2) [demonic ancestry]
   196 | D:1      | Reached XP level 2. HP: 19/19 MP: 0/5
   507 | D:1      | Reached skill level 3 in Fire Magic
   838 | D:2      | Gained mutation: You have a pair of small horns on your
                  | head. [demonic ancestry]
   838 | D:2      | Reached XP level 3. HP: 21/24 MP: 1/6
   942 | D:2      | Noticed Terence
  1308 | D:2      | Noticed Robin
  1507 | D:2      | Killed Robin
  1507 | D:2      | Reached XP level 4. HP: 30/30 MP: 3/8
  1537 | D:2      | Killed Terence
  1863 | D:3      | Found a shimmering altar of Xom.
  2212 | D:3      | Reached XP level 5. HP: 34/35 MP: 6/9
  2224 | D:3      | Reached skill level 1 in Shields
  2294 | D:3      | Found a faded altar of an unknown god.
  2759 | D:3      | Learned a level 4 spell: Sticky Flame
  2765 | D:3      | Learned a level 5 spell: Fireball
  3032 | D:4      | Reached skill level 4 in Fire Magic
  3032 | D:4      | Gained mutation: You have a pair of horns on your head.
                  | [demonic ancestry]
  3032 | D:4      | Reached XP level 6. HP: 39/41 MP: 11/11
  3480 | D:5      | Entered Level 5 of the Dungeon
  3532 | D:5      | Noticed a sky beast
  3540 | D:5      | HP: 2/41 [something (5)]
  3567 | D:5      | HP: 2/41 [something (3)]
  3567 | D:5      | Slain by a sky beast

Levels and vault maps discovered:
D:1:      wheals_arrival_linesprint, layout_basic
D:2:      layout_rooms, uniq_robin, uniq_terence
D:3:      layout_loops_corners, overflow_temple_1_default,
          chequers_ecumenical_altar_simple_redux, first_ration
D:4:      layout_cave_pools
D:5:      minmay_diamond_boxcup, layout_loops_cross

Skill      XL: |  1  2  3  4  5 |
---------------+----------------+-----
Fire Magic     | 3 4 |  4.1
Conjurations   | 2 3 |  3.4
Spellcasting   | 3 |  3.7
Shields        | 1 |  1.5
Dodging        | |  1.7
Stealth        | |  1.7

Action                   |  1- 3 |  4- 6 || total
-------------------------+-------+-------++-------
Melee: Unarmed           |     4 |       ||     4
       Dagger            |    24 |    63 ||    87
       Headbutt          |     2 |    11 ||    13
 Cast: Foxfire           |    54 |    80 ||   134
  Use: Scroll            |       |     4 ||     4
 Stab: Sleeping          |       |     1 ||     1
  Eat: Chunk             |     2 |     6 ||     8
Armor: Robe              |    13 |    14 ||    27
Dodge: Dodged            |    24 |    48 ||    72

Table legend:
 A = Non-vault XP
 B = Vault XP
 C = Vault XP percentage of total XP
 D = Non-vault monster count
 E = Vault monster count
 F = Vault count percentage of total count
                 A         B        C        D         E       F
            +---------+---------+-------+---------+---------+-------
      Total |     394 |      72 |  15.5 |      75 |      13 |  14.8
            +---------+---------+-------+---------+---------+-------
        D:1 |      30 |       6 |  16.7 |      18 |       3 |  14.3
        D:2 |      51 |      66 |  56.4 |      16 |      10 |  38.5
        D:3 |     121 |       0 |   0.0 |      29 |       0 |   0.0
        D:4 |     192 |       0 |   0.0 |      12 |       0 |   0.0
            +---------+---------+-------+---------+---------+-------
